 Dungeon Crawl Stone Soup version 0.31-a0-89-g637a80eef8 (webtiles) character file.

Game seed: 6556590655576538473

226 Colgate the Magician (level 6, -8/48 HPs)
             Began as a Meteoran Necromancer on May 25, 2023.
             Mangled by a gnoll bouda
             ... wielding a +0 whip
              (10 damage)
             ... on level 5 of the Dungeon.
             The game lasted 00:09:25 (575 turns).

Colgate the Magician (Meteoran Necromancer)          Turns: 575, Time: 00:09:25

Health: -8/48      AC:  2    Str: 10    XL:     6   Next: 46%
Magic:  1/16       EV: 12    Int: 19    God:
Gold:   94         SH:  0    Dex: 14    Spells: 13/17 levels left

rFire   . . .        b - +0 quarterstaff
rCold   . . .        (shield currently unavailable)
rNeg    . . .        j - +0 robe
rPois   .            (no helmet)
rElec   .            (no cloak)
rCorr   .            (no gloves)
SInv    .            (no boots)
Will    .....        i - amulet of regeneration
Stlth   +            (no ring)
HPRegen 1.08/turn    (no ring)
MPRegen 0.15/turn

%: no passive effects
@: glowing
A: sense surroundings 1, otherworldly, glowing, explore regen
a: no special abilities


You were on level 5 of the Dungeon.
You visited 1 branch of the dungeon, and saw 5 of its levels.

You collected 94 gold pieces.

Inventory:

Hand Weapons
 a - a +0 spear
 b - a +0 quarterstaff (weapon)
 d - a +0 mace
Armour
 j - a +0 robe (worn)
Jewellery
 i - an amulet of regeneration (around neck)
Scrolls
 e - a scroll of fear {unknown}
 g - 3 scrolls of identify {unknown}
 k - a scroll of fog {unknown}
 n - 2 scrolls of teleportation {unknown}
Potions
 c - a potion of resistance {unknown}
 f - a potion of enlightenment {unknown}
 h - a potion of magic
 l - a potion of haste {unknown}
 m - a potion of degeneration {unknown}
 o - a potion of cancellation {unknown}


   Skills:
 - Level 1.8 Fighting
 - Level 2.4 Dodging
 - Level 1.4 Stealth
 + Level 6.2 Spellcasting
 - Level 5.2 Necromancy


You had 13 spell levels left.
You knew the following spells:

 Your Spells              Type           Power      Damage    Failure   Level
a - Necrotise             Necr           100%       1d9       1%          1
b - Vampiric Draining     Necr           25%        2d7       3%          3

Your spell library contained the following spells:

 Spells                   Type           Power      Damage    Failure   Level
 Animate Dead             Necr           25%        N/A       13%         4
 Gell's Gravitas          Tloc           5%         N/A       32%         3
 Ozocubu's Armour         Ice            5%         N/A       32%         3
 Teleport Other           Tloc           5%         N/A       32%         3
 Agony                    Necr           25%        N/A       34%         5
 Metabolic Englaciation   Hex/Ice        1%         N/A       99%         5
 Dispersal                Tloc           2%         N/A       100%        6
 Simulacrum               Ice/Necr       6%         N/A       100%        6


Dungeon Overview and Level Annotations

Branches:
Dungeon (5/15) Zot: 2421
 Temple: D:4-7

Altars:
Yredelemnul

Annotations:
D:4 1 transporter


Innate Abilities, Weirdness & Mutations

You passively map a small area around you.
You are easily found by Zot.
You glow in the dark.
You regain HP and MP as you explore.


Message History

Casting: Vampiric Draining (dangerous; 4% risk of failure)
Aiming: Vampiric Draining (dangerous; 4% risk of failure)
Aim: a centaur (almost dead, ally target)
You draw life force from the centaur!
You kill the centaur!
You feel life coursing into your body.
Your Spellcasting skill increases to level 6!
You have reached level 6!
You feel stronger.
Okay, then.
Okay, then.
You barely miss the gnoll bouda.
The gnoll bouda gazes fiercely through you!
You feel your attacks grow feeble.
The gnoll bouda hits you with a +0 whip!
Casting: Vampiric Draining (dangerous; 3% risk of failure)
Aiming: Vampiric Draining (dangerous; 3% risk of failure)
Aim: a gnoll bouda, wielding a +0 whip and wearing a +0 leather armour (ally target)
You draw life force from the gnoll bouda.
You feel life coursing into your body.
The gnoll bouda hits you with a +0 whip!
You are too injured to fight recklessly!
You are too injured to fight recklessly!
You are too injured to fight recklessly!
You are too injured to fight recklessly!
Your gnoll skeleton closely misses the gnoll bouda.
You are too injured to fight recklessly!
You barely miss the gnoll bouda.
Your attacks no longer feel as feeble.
The gnoll bouda hits you with a +0 whip!
* * * LOW HITPOINT WARNING * * *
Your gnoll skeleton hits the gnoll bouda.
You hit the gnoll bouda but do no damage.
The gnoll bouda hits you with a +0 whip!
* * * LOW HITPOINT WARNING * * *
Your gnoll skeleton hits the gnoll bouda but does no damage.
The gnoll bouda closely misses you.
You barely miss the gnoll bouda.
The gnoll bouda hits you with a +0 whip!
You die...

##############
#####.............
#...'.......######
#.###.......†.....
#.#....#.#########
#.#.#.........####
#)#.####.##.......
#)#. ..# .#.####
#@########.##,# #
#Zg)........# #
######?...#.# # *
* #.####,*,* # * ,
..# #, # ,
,,.######.#.#### *
, >. .....cW<.. g.
#####.#.## ...*
#,...


You could see a gnoll bouda (ally target) and a friendly gnoll skeleton.

Vanquished Creatures
  A centaur (D:5)
  A sleepcap (D:4)
  An iguana (D:5)
  5 gnolls
  An adder (D:3)
  2 dart slugs (D:1)
  5 ball pythons
  3 endoplasms
  2 goblins
  2 hobgoblins
  3 jackals
  5 kobolds
  2 quokkas
  A bat (D:2)
  2 frilled lizards
36 creatures vanquished.

Vanquished Creatures (collateral kills)
  A dart slug (D:2)
  A rat (D:3)
2 creatures vanquished.

Grand Total: 38 creatures vanquished

Notes
Turn   | Place    | Note
-------+----------+-------------------------------------------
     0 | D:1      | Colgate the Meteoran Necromancer began the quest for the
                  | Orb.
     0 | D:1      | Reached XP level 1. HP: 14/14 MP: 5/5
    18 | D:1      | Reached skill level 3 in Spellcasting
    39 | D:1      | Reached XP level 2. HP: 16/20 MP: 4/7
    97 | D:2      | Reached skill level 4 in Spellcasting
    97 | D:2      | Reached XP level 3. HP: 26/26 MP: 6/9
   166 | D:2      | Learned a level 3 spell: Vampiric Draining
   261 | D:3      | Reached skill level 5 in Spellcasting
   261 | D:3      | Reached XP level 4. HP: 33/33 MP: 9/12
   341 | D:4      | Found a transporter.
   350 | D:4      | Noticed a kobold demonologist
   370 | D:4      | Reached skill level 5 in Necromancy
   370 | D:4      | Reached XP level 5. HP: 38/38 MP: 6/13
   397 | D:5      | Entered Level 5 of the Dungeon
   406 | D:5      | Noticed a centaur
   424 | D:3      | Found a basalt altar of Yredelemnul.
   483 | D:5      | Noticed a phantom
   514 | D:5      | Reached skill level 1 in Fighting
   569 | D:5      | Killed a centaur
   570 | D:5      | Reached skill level 6 in Spellcasting
   570 | D:5      | Reached XP level 6. HP: 31/48 MP: 3/16
   574 | D:5      | HP: 1/48 [gnoll bouda/+0 whip (11)]
   575 | D:5      | Mangled by a gnoll bouda

Illustrated notes

Levels and vault maps discovered:
D:1:      ncdulo_smallfort, layout_rooms, minmay_pentomino_o4
D:2:      layout_rooms, serial_forest, infiniplex_forest_clump_diagonal,
          infiniplex_forest_lined_1, infiniplex_forest_clump_C,
          infiniplex_forest_lined_1, infiniplex_forest_clump_long,
          infiniplex_forest_zigzag_2, uniq_crazy_yiuf_cottage
D:3:      layout_basic, mainiacjoe_overflow_small_starburst
D:4:      gammafunk_wand_slinger, layout_loops_ring
D:5:      layout_basic, minmay_temple_entry_grid

Skill      XL: |  1  2  3  4  5 |
---------------+----------------+-----
Spellcasting   | 3 4 5 6 |  6.2
Necromancy     | 5 |  5.2
Fighting       | 1 |  1.8
Dodging        | |  2.4
Stealth        | |  1.4

Action                     |  1- 3 |  4- 6 || total
---------------------------+-------+-------++-------
  Melee: Quarterstaff      |     1 |    12 ||    13
   Cast: Necrotise         |    39 |    33 ||    72
         Vampiric Draining |       |     3 ||     3
 Armour: Robe              |       |     4 ||     4
  Dodge: Dodged            |     7 |    15 ||    22

Table legend: (Time is in decaauts)
 A = Elapsed time spent in this place.
 B = Non-inter-level travel time spent in this place.
 C = Inter-level travel time spent in this place.
 D = Time resting spent in this place.
 E = Time spent auto-exploring this place.
 F = Levels seen in this place.
 G = Mean time per level.
                   A        B        C        D        E       F      G
               +--------+--------+--------+--------+--------+-----+--------+
         Total |    577 |    577 |      0 |      0 |      0 |   5 |  115.4 |
       Dungeon |    577 |    577 |      0 |      0 |      0 |   5 |  115.4 |
               +--------+--------+--------+--------+--------+-----+--------+

Top non-repeatable levels by time:
     D:3: 152 daAuts
     D:2: 151 daAuts
     D:4: 95 daAuts
     D:5: 94 daAuts
     D:1: 83 daAuts
